 Dungeon Crawl Stone Soup version 0.27-b1-42-g19c61b19a5 (webtiles) character file.

Game seed: 16571993023716448145

30 shakesphere1979 the Insei (level 2, -9/23 HPs)
             Began as a Demigod Transmuter on July 30, 2021.
             Mangled by a gnoll (12 damage)
             ... on level 1 of the Dungeon.
             The game lasted 00:02:36 (1519 turns).

shakesphere1979 the Insei (Demigod Transmuter)      Turns: 1519, Time: 00:02:37

Health: -9/23      AC:  2    Str: 11    XL:     2   Next: 87%
Magic:  6/7        EV: 12    Int: 15    God:
Gold:   38         SH:  0    Dex: 14    Spells: 4/5 levels left

rFire    . . .     SeeInvis .     - Unarmed
rCold    . . .     Faith    .   (no shield)
rNeg     . . .     Spirit   .   a - +0 robe
rPois    .         Reflect  .   (helmet currently unavailable)
rElec    .         Harm     .   (no cloak)
rCorr    .         Rampage  .   (no gloves)
Will     .....                  (boots currently unavailable)
Stlth    +.........             (no amulet)
HPRegen  0.07/turn              (no ring)
MPRegen  0.10/turn              (no ring)

@: appendages
A: horns 2, talons 2, high mp 1, forlorn
a: End Transformation


You were on level 1 of the Dungeon.
You had temporarily grown beastly horns and talons.
You visited 1 branch of the dungeon, and saw 1 of its levels.

You collected 38 gold pieces.

Inventory:

Hand Weapons
 e - a +0 short sword
Missiles
 b - 25 stones
 g - 24 arrows
Armour
 a - a +0 robe (worn)
Magical Staves
 c - a staff of poison
Scrolls
 d - a scroll of magic mapping {unknown}
 f - 2 scrolls of identify {unknown}
Potions
 h - a potion of attraction {unknown}


   Skills:
 + Level 1.0 Fighting
 + Level 0.2 Short Blades
 + Level 2.2 Dodging
 + Level 0.2 Stealth
 + Level 3.0 Unarmed Combat
 + Level 2.2 Spellcasting
 + Level 1.9 Transmutations


You had 4 spell levels left.
You knew the following spells:

 Your Spells              Type           Power      Damage    Failure   Level
a - Beastly Appendage     Tmut           14%        N/A       10%         1

Your spell library contained the following spells:

 Spells                   Type           Power      Damage    Failure   Level
 Wereblood                Tmut           7%         N/A       16%         2
 Spider Form              Tmut/Pois      2%         N/A       41%         3
 Ice Form                 Ice/Tmut       4%         N/A       82%         4


Dungeon Overview and Level Annotations

Branches:
Dungeon (1/15)


Innate Abilities, Weirdness & Mutations

You have temporarily grown beastly horns and talons.
Your attributes grow dramatically as you level up.
You have an increased reservoir of magic. (+10% MP)
You shall have no god before yourself.


Message History

Found a twisted bone ring.
The gnoll hits you but does no damage.
A gnoll comes into view. It is wielding a +0 flail.
You closely miss the gnoll. Your headbutt misses the gnoll.
The gnoll hits you with a +0 whip.
You closely miss the gnoll. You headbutt the gnoll.
The gnoll is lightly wounded.
The gnoll hits you with a +0 whip!
You completely miss the gnoll. You claw the gnoll.
The gnoll is heavily wounded.
The gnoll barely misses you.
You hit the gnoll.
The gnoll is almost dead.
The gnoll hits you with a +0 whip.
* * * LOW HITPOINT WARNING * * *
You hit the gnoll.
You kill the gnoll!
Your Fighting skill increases to level 1!
Your transformation is almost over.
The gnoll closely misses you.
You see here a +0 whip.
Casting: Beastly Appendage (safe; 10% risk of failure)
Confirm with . or Enter, or press ? or * to list all spells.
You extend your transformation's duration.
The gnoll hits you with a +0 flail.
* * * LOW HITPOINT WARNING * * *
You closely miss the gnoll.
You headbutt the gnoll, but do no damage.
The gnoll hits you with a +0 flail.
* * * LOW HITPOINT WARNING * * *
You barely miss the gnoll. You headbutt the gnoll.
The gnoll is heavily wounded.
You barely miss the gnoll. You claw the gnoll, but do no damage.
The gnoll is heavily wounded.
The gnoll barely misses you.
You closely miss the gnoll. You claw the gnoll.
The gnoll is heavily wounded.
The gnoll hits you with a +0 flail!
Ouch! That really hurt!
You die...

#.. ..#.. #.# ####.#######.#.#
#.# ##### #............#.. ###.#
#...# #......# ......# ....##
#...# #=.....# #...... ###..#
#...# #......# #.###.[ ....>#
#...# #......#.#.#....
♣♣♣..#######...###......#.#.#....
♣♣♣♣♣.##..†.....@g.).............
∩∩∩♣♣..#.##.....##......#.#.###..
...∩.....##.....##......# #.# #.#
....♣♣♣..#########......# #.# #.#
♣.♣.∩♣♣..# ####.#...#.# #.#
♣<♣.∩♣♣..# ##.#####.###.#
♣.♣.∩♣♣..# #######.............
.....♣♣..# ###.......##..##.###.#
...∩♣....###...#########.##.# #..


You could see a gnoll.

Vanquished Creatures
  A gnoll (D:1)
  A dart slug (D:1)
  3 endoplasms (D:1)
  2 goblins (D:1)
  3 hobgoblins (D:1)
  A kobold (D:1)
  3 ball pythons (D:1)
  A bat (D:1)
  2 frilled lizards (D:1)
  A rat (D:1)
18 creatures vanquished.

Vanquished Creatures (others)
  A rat (D:1)
1 creature vanquished.

Grand Total: 19 creatures vanquished

Notes
Turn   | Place    | Note
-------+----------+-------------------------------------------
     0 | D:1      | shakesphere1979 the Demigod Transmuter began the quest for
                  | the Orb.
     0 | D:1      | Reached XP level 1. HP: 15/15 MP: 5/5
   473 | D:1      | Reached XP level 2. HP: 2/22 MP: 5/7
  1359 | D:1      | Reached skill level 3 in Unarmed Combat
  1511 | D:1      | Reached skill level 1 in Fighting
  1519 | D:1      | Mangled by a gnoll

Illustrated notes

Levels and vault maps discovered:
D:1:      heliophobic_arrival_henge, layout_basic, amethyst_killhole

Skill      XL: |  1  2 |
---------------+-------+-----
Spellcasting   | 2 |  2.2
Dodging        | 2 |  2.2
Unarmed Combat | 3 |  3.0
Fighting       | 1 |  1.0
Short Blades   | |  0.2
Stealth        | |  0.2
Transmutations | |  1.9

Action                   || total
-------------------------++-------
Melee: Short sword       ||    27
       Unarmed           ||    40
       Kick              ||     8
       Headbutt          ||     6
       Punch             ||     1
 Cast: Beastly Appendage ||     9
 Stab: Sleeping          ||     1
Armor: Robe              ||     8
Dodge: Dodged            ||    37
